 Dungeon Crawl Stone Soup version 0.16-a0-2839-gd16e107 (webtiles) character file.

534 Engwar the Conjurer (level 7, 16/50 HPs)
             Began as a Grey Draconian Wizard on Nov 28, 2014.
             Was a Follower of Sif Muna.
             Quit the game on level 3 of the Dungeon on Nov 29, 2014.
             The game lasted 00:25:24 (4066 turns).

Engwar the Conjurer (Grey Draconian Wizard)         Turns: 4066, Time: 00:25:24

Health: 16/50      AC: 17    Str: 10    XL:     7   Next: 4%
Magic:  6/17       EV: 12    Int: 20    God:    Sif Muna [*.....]
Gold:   193        SH:  0    Dex:  9    Spells: 5 memorised, 3 levels left

rFire  . . .     SeeInvis +     n - +2 quarterstaff (chaos)
rCold  . . .     Clarity  .     (armour unavailable)
rNeg   . . .     SustAb   .     (no shield)
rPois  .         Gourm    .     b - +0 hat
rElec  .         Spirit   .     i - +2 cloak {MR+}
rCorr  .         Warding  .     x - +1 pair of gloves
rMut   .         Stasis   .     o - +0 pair of boots
MR     +....                    (no amulet)
Stlth  +.........               w - ring of flight
                                a - ring of see invisible

@: somewhat resistant to hostile enchantments, very unstealthy
A: walk through water, unfitting armour, unbreathing, cold-blooded, AC +11
a: Channel Energy, Renounce Religion, Evoke Flight


You were on level 3 of the Dungeon.
You worshipped Sif Muna.
Sif Muna was aware of your devotion.
You were not hungry.

You visited 1 branch of the dungeon, and saw 5 of its levels.

You collected 193 gold pieces.


Innate Abilities, Weirdness & Mutations

You can walk through water.
Your dull iron-grey scales are very hard (AC +11).
Your body does not fit into most forms of armour.
You can survive without breathing.
Your cold-blooded metabolism reacts poorly to cold.


   Skills:
 - Level 1.7 Dodging
 - Level 1.7 Stealth
 - Level 4.0 Spellcasting
 - Level 5.8 Conjurations
 - Level 1.0 Charms
   Level 1.0 Summonings
 - Level 2.3 Translocations
 - Level 1.0 Fire Magic
 + Level 0.7 Air Magic
 - Level 1.0 Poison Magic


You had 3 spell levels left.
You knew the following spells:

 Your Spells              Type           Power        Failure   Level  Hunger
b - Blink                 Tloc           N/A          10%         2    #......
c - Mephitic Cloud        Conj/Pois/Air  ##......     14%         3    ###....
d - Repel Missiles        Chrm/Air       #.....       17%         2    #......
y - Conjure Flame         Conj/Fire      ###.....     12%         3    ###....
z - Magic Dart            Conj           ####         1%          1    None

Inventory:

Hand weapons
 n - a +2 quarterstaff of chaos (weapon)
Armour
 b - a +0 hat (worn)
 i - a +2 cloak of magic resistance (worn)
 o - a +0 pair of boots (worn)
 x - a +1 pair of gloves (worn)
Jewellery
 a - a ring of see invisible (left hand)
 g - an uncursed ring of teleport control
 j - an uncursed ring of invisibility
 v - a +4 ring of dexterity
 w - a ring of flight (right hand)
Scrolls
 e - 3 scrolls of teleportation
 f - a scroll of blinking
 s - 4 scrolls of remove curse
 u - a scroll of recharging
Potions
 k - a potion of resistance
 l - 2 potions of heal wounds
 m - 3 potions of restore abilities
 p - a potion of brilliance {unknown}
 q - a potion of curing
 r - 2 potions of agility
 t - 2 potions of poison {unknown}
Comestibles
 c - a meat ration
 d - 4 bread rations
 h - a slice of pizza

#.#...#
#...#.#....#
######..#
#.#...#
#...#....###
#...###.#
#.##'##
##'######.#
#.#......
#....#
#..#.###)##
#...###.#
#.####
#..##.#..#
##.## #.# #.#
#.####.#.##
#.# #.# #.#
#.# #....###
#.# #.# #.#
#.# #......#
#.# #.# #.#
#.# ##.d.#.#
#.# #.# #.#
#.# ##.##.#
#.# #.# #.#
#.# #.##(# #.#
#.# #.# #.#
#.##.# #.# #.#
#.#
#.######.##.#
#.# #.# #.#
#.......>##.##
#.# #.. #.#
###########..#
#.# #.# #.#
##.# #.## #.#
#.# #.# #..#
#.#


There were no monsters in sight!


Message History

You tail-slap the crimson imp, but do no damage.
The crimson imp closely misses you.
You closely miss the crimson imp. The crimson imp closely misses you.
The crimson imp hits you.
* * * LOW HITPOINT WARNING * * *
You hit the crimson imp.
The crimson imp is moderately wounded.
The crimson imp hits you but does no damage.
You hit the crimson imp.
The crimson imp is severely wounded.
The crimson imp hits you but does no damage.
You barely miss the crimson imp.
The crimson imp is heavily wounded.
The crimson imp barely misses you. The crimson imp hits you.
* * * LOW HITPOINT WARNING * * *
You hit the crimson imp.
The crimson imp is almost dead.
The crimson imp barely misses you.
You thump the crimson imp!
You kill the crimson imp!
Your Charms skill increases to level 1!
You have reached level 7!
Your scales start taking on a dull iron-grey colour.
You feel breathless.
Your Air Magic skill decreases to level 0!
Unknown command.
Okay, then.
Welcome back, Engwar the Grey Draconian Wizard.
Sif Muna whispers: I know many secrets...
Are you sure you want to abandon this character and quit the game? (Confirm with "yes".)

Action                   |  1- 3 |  4- 6 |  7- 9 || total
-------------------------+-------+-------+-------++-------
Melee: Whip              |    36 |    75 |       ||   111
       Unarmed           |     1 |       |       ||     1
       Quarterstaff      |       |    64 |       ||    64
 Cast: Magic Dart        |    85 |   135 |       ||   220
       Mephitic Cloud    |       |     9 |       ||     9
       Conjure Flame     |       |     3 |       ||     3
       Blink             |       |     4 |       ||     4
  Use: Scroll            |     8 |     6 |       ||    14
       Potion            |       |     3 |       ||     3
 Stab: Confused          |       |     3 |       ||     3
  Eat: Chunk             |     2 |     7 |       ||     9
       Pizza             |       |     1 |       ||     1

Vault maps used:
D:1:      evilmike_arrival_home_sweet_home
D:2:      lemuel_doored_altar, eino_tiny_chamber, lemuel_another_geyser
D:3:      lemuel_round_altar, first_bread, nrook_uturn, uniq_crazy_yiuf_cottage,
          uniq_terence, uniq_natasha, uniq_robin
D:4:      temple_hall, serial_glass, glass_columns_a, glass_columns_b,
          feat_on_display, feat_on_display, uniq_prince_ribbit1, uniq_purgy
D:5:      sigmund_army

Notes
Turn   | Place    | Note
--------------------------------------------------------------
     0 | D:1      | Engwar, the Draconian Wizard, began the quest for the Orb.
     0 | D:1      | Reached XP level 1. HP: 14/14 MP: 4/4
   297 | D:1      | Reached skill level 2 in Conjurations
   302 | D:1      | Reached XP level 2. HP: 14/20 MP: 0/6
   306 | D:1      | Learned a level 2 spell: Blink
   309 | D:1      | Learned a level 2 spell: Slow
   807 | D:1      | Reached skill level 3 in Conjurations
   807 | D:1      | Reached XP level 3. HP: 22/26 MP: 5/7
   812 | D:1      | Learned a level 3 spell: Mephitic Cloud
  1024 | D:2      | Found a deep blue altar of Sif Muna.
  1040 | D:2      | Became a worshipper of Sif Muna the Loreminder
  1221 | D:2      | Reached skill level 1 in Air Magic
  1347 | D:2      | Reached skill level 1 in Poison Magic
  1848 | D:2      | Reached XP level 4. HP: 33/33 MP: 6/9
  1861 | D:2      | Learned a level 3 spell: Conjure Flame
  1989 | D:3      | Found a burning altar of Makhleb.
  2241 | D:3      | Reached skill level 1 in Fire Magic
  2376 | D:3      | Noticed Terence
  2420 | D:3      | Killed Terence
  2648 | D:3      | Noticed Robin
  2676 | D:3      | Killed Robin
  2676 | D:3      | Reached skill level 4 in Spellcasting
  2702 | D:3      | Learned a level 2 spell: Repel Missiles
  2860 | D:3      | Noticed Natasha
  2891 | D:3      | Killed Natasha
  2891 | D:3      | Reached XP level 5. HP: 38/38 MP: 1/13
  3035 | D:3      | Noticed Natasha
  3036 | D:3      | Noticed Crazy Yiuf
  3066 | D:3      | Killed Natasha
  3085 | D:3      | Killed Crazy Yiuf
  3197 | D:3      | Noticed Natasha
  3211 | D:3      | Killed Natasha
  3371 | D:3      | Reached skill level 4 in Conjurations
  3439 | D:4      | You fall through a shaft!
  3439 | D:5      | Entered Level 5 of the Dungeon
  3483 | D:5      | Acquired Sif Muna's first power
  3483 | D:5      | Reached XP level 6. HP: 41/45 MP: 3/15
  3536 | D:5      | Reached skill level 5 in Conjurations
  3768 | D:4      | Noticed Prince Ribbit
  3959 | D:4      | Reached skill level 2 in Translocations
  4016 | D:4      | Noticed Purgy
  4065 | D:3      | Reached skill level 1 in Charms
  4065 | D:3      | Your scales start taking on a dull iron-grey colour.
  4065 | D:3      | Gained mutation: You can survive without breathing. [draconian maturity]
  4065 | D:3      | Reduced skill Air Magic to level 0
  4065 | D:3      | Reached XP level 7. HP: 16/50 MP: 6/17
  4066 | D:3      | Upgraded the game from 0.16-a0-2818-g1ef6e07 to 0.16-a0-2839-gd16e107
  4066 | D:3      | Quit the game

Vanquished Creatures
  3 scorpions
  A crimson imp (D:3)
  2 hounds
  Crazy Yiuf (D:3)
  A giant frog skeleton (D:4)
  Natasha (thrice) (D:3)
  2 worker ants
  Terence (D:3)
  A worker ant zombie (D:5)
  Robin (D:3)
  A gnoll (D:1)
  A shadow imp (D:3)
  2 giant mites
  An adder (D:3)
  3 worms
  An ooze (D:4)
  An orc (D:3)
  A ball python (D:1)
  2 giant cockroaches (D:2)
  16 goblins
  12 hobgoblins
  11 kobolds
  6 bats
  4 giant geckos
  6 giant newts
  3 jackals
  3 quokkas
  6 rats
96 creatures vanquished.
